 Dungeon Crawl Stone Soup version 0.25.1-2-g60ff931df9 (webtiles) character file.

Game seed: 13752496347472180933

0 DildoBatman the Magician (level 1, -4/13 HPs)
             Began as a Formicid Wizard on Oct 30, 2020.
             Slain by a goblin
             ... wielding a cursed -2 club
             ... led by Robin
              (6 damage)
             ... on level 2 of the Dungeon.
             The game lasted 00:01:01 (200 turns).

DildoBatman the Magician (Formicid Wizard)           Turns: 200, Time: 00:01:02

Health: -4/13      AC:  2    Str: 11    XL:     1   Next: 11%
Magic:  4/4        EV: 12    Int: 17    God:
Gold:   13         SH:  0    Dex:  9    Spells: 5/6 levels left

rFire    . . .     SeeInvis +   (no weapon)
rCold    . . .     Gourm    .   (no shield)
rNeg     . . .     Faith    .   a - +0 robe
rPois    .         Spirit   .   (helmet unavailable)
rElec    .         Reflect  .   (no cloak)
rCorr    .         Harm     .   (no gloves)
MR       .....                  (no boots)
Stlth    ++........             (no amulet)
HPRegen  0.04/turn              (no ring)
MPRegen  0.09/turn              (no ring)

@: no status effects
A: permanent stasis, dig shafts and tunnels, four strong arms, antennae 3
a: Dig, Shaft Self


You were on level 2 of the Dungeon.
You were not hungry.

You visited 1 branch of the dungeon, and saw 2 of its levels.

You collected 13 gold pieces.

Inventory:

Armour
 a - a +0 robe (worn)
Jewellery
 b - a cursed ring of attention {unknown}
Scrolls
 c - a scroll of remove curse {unknown}
Comestibles
 v - a ration


   Skills:
 - Level 1.7 Dodging
 - Level 2.4 Stealth
 - Level 3.2 Spellcasting
 * Level 1.0 Conjurations
   Level 1.0 Summonings
   Level 0.8 Translocations


You had 5 spell levels left.
You knew the following spells:

 Your Spells              Type           Power        Failure   Level  Hunger
c - Magic Dart            Conj           #...         11%         1    None

Your spell library contained the following spells:

 Spells                   Type           Power        Failure   Level  Hunger
 Call Imp                 Summ           #.......     17%         2    ##.....
 Slow                     Hex            #.......     26%         2    ##.....
 Conjure Flame            Conj/Fire      #.......     38%         3    ###....
 Mephitic Cloud           Conj/Pois/Air  #.......     41%         3    ###....
 Blink                    Tloc           Unusable     N/A         2    N/A

Dungeon Overview and Level Annotations

Branches:
Dungeon (2/15)

Altars:

Annotations:
D:2 Robin


Innate Abilities, Weirdness & Mutations

You cannot be hasted, slowed, berserked, paralysed or teleported.
You can dig through walls and to a lower floor.
Your four strong arms can wield two-handed weapons with a shield.
You have a pair of large antennae on your head. (SInv)


Message History

Found a stone staircase leading down.
A hobgoblin comes into view.
It is wielding a +0 club. 2 hobgoblins come into view.
The hobgoblin shouts!
You hear a shout! x6
A goblin comes into view. It is wielding a +0 club.
Robin of the Strong Arm comes into view.
They are wielding a +0 whip.
The hobgoblin moves out of view. 2 goblins and a hobgoblin come into view.
The goblin shouts! x2
The hobgoblin shouts! x2
A goblin comes into view. It is wielding a -1 club.
An ooze comes into view.
Robin roars a battlecry!
The goblins go into a battle-frenzy!
You hear a shout!
Robin throws the goblin at you!
The goblin hits you with a cursed -2 club.
The goblin hits you with a cursed -2 club.
You die...

+..........#.#...##.##.#.
#.#.....................g
#......[...#...........
#>..........gg...g...g.
#..###.#...g.{gg.g.#g..
#..###.#.K.#######.# ##
#........g.........{.
#.......g...###### ###
#........@........
#......#############
#....... #....?## #.....
#.....


You could see 2 hobgoblins, 3 goblins and a kobold.

Vanquished Creatures
  A bat (D:1)
1 creature vanquished.

Notes
Turn   | Place    | Note
-------+----------+-------------------------------------------
     0 | D:1      | DildoBatman the Formicid Wizard began the quest for the
                  | Orb.
     0 | D:1      | Reached XP level 1. HP: 13/13 MP: 4/4
    12 | D:1      | Reached skill level 1 in Conjurations
   191 | D:2      | Noticed Robin
   200 | D:2      | Slain by a goblin

Illustrated notes

Levels and vault maps discovered:
D:1:      minmay_arrival_up_and_down, layout_basic
D:2:      layout_basic, first_ration, uniq_robin

Skill      XL: |  1 |
---------------+----+-----
Conjurations   | 1 |  1.0
Dodging        | |  1.7
Stealth        | |  2.4
Spellcasting   | |  3.2
Summonings     | |  1.0
Translocations | |  0.8

Action                   || total
-------------------------++-------
 Cast: Magic Dart        ||     5
 Abil: Dig               ||     2
Armor: Robe              ||     1
Dodge: Dodged            ||     3
